Map: Astillero orbital

Players

xXkazperXx - Winner!

  • Race: Zerg Zerg
  • League: Bronze

RANURA DE IA (Muy fácil)

  • Race: Zerg Zerg

VOD

Have the link to the VOD?

Description

Time

  • Played on: April 2, 2016, 8:45 a.m.
  • Length: 4:06
Show
View Real Time Build Order
Export as new Build Order

xXkazperXx Zerg - Winner!

Build Orders: Pool Only 

Get SALT Encoding   

  12  0:02  Drone  
  13  0:13  Overlord  
  13  0:24  Drone  
  13  0:28  Extractor  
  13  0:38  Spawning Pool  
  13  0:42  Drone  
  13  0:55  Drone  
  13  0:56  Drone x2  
  16  1:25  Queen  
  18  1:28  Zergling x6  
  21  1:33  Metabolic Boost  
  21  1:41  Overlord  
  21  1:54  Zergling x2  
  22  2:12  Zergling x4  
  24  2:25  Zergling x2  
  25  2:34  Zergling x2  
  25  2:35  Zergling x4  
  28  2:50  Zergling x2  
  29  2:59  Zergling x2  
  30  3:12  Overlord  
  26  3:46  Zergling x6  
Show
View Real Time Build Order
Export as new Build Order

RANURA DE IA (Muy fácil) Zerg 

Build Orders: Pool Only 

Get SALT Encoding   

  12  0:01  Drone  
  13  0:12  Overlord  
  13  0:17  Drone  
  14  0:35  Spawning Pool  
  14  0:37  Extractor  
  14  0:39  Drone  
  13  0:47  Drone  
  14  0:51  Overlord  
  14  1:22  Queen  
  14  1:23  Zergling x2  
  17  1:31  Roach Warren  
  16  1:33  Drone  
  16  1:39  Extractor  
  16  1:41  Drone  
  17  1:51  Zergling x2  
  18  1:59  Drone  
  19  2:06  Drone  
  20  2:17  Drone  
  20  2:19  Zergling x2  
  22  2:27  Overlord  
  22  2:29  Drone  
  23  2:36  Drone  
  24  2:43  Drone  
  25  2:47  Roach  
  27  3:28  Roach  
  24  3:38  Drone  
Tags
 
Add a new tag
Caveats
  • Supply blocks, unpowered buildings, or Contaminate may cause inaccurate times.
  • Supply counts are checked every 10 seconds.